 Dungeon Crawl Stone Soup version 0.30-a0-1112-gfb780f5df6 (webtiles) character file.

Game seed: 1704365827988967547

2 cforsyth the Trooper (level 1, 0/18 HPs)
             Began as a Demigod Fighter on Apr 20, 2023.
             Slain by a kobold
             ... wielding a +0 club
              (4 damage)
             ... on level 1 of the Dungeon.
             The game lasted 00:00:10 (32 turns).

cforsyth the Trooper (Demigod Fighter)                Turns: 32, Time: 00:00:11

Health: 0/18       AC:  6    Str: 17    XL:     1   Next: 26%
Magic:  3/3        EV:  8    Int: 10    God:
Gold:   10         SH:  4    Dex: 13    Spells: 0/0 levels left

rFire   . . .      SeeInvis .    a - +0 flail
rCold   . . .      Faith    .    c - +0 buckler
rNeg    . . .      Spirit   .    b - +0 scale mail
rPois   .          Reflect  .    (no helmet)
rElec   .          Rampage  .    (no cloak)
rCorr   .                        (no gloves)
Will    .....                    (no boots) Stlth
                                 (no amulet)
HPRegen 0.23/turn                (no ring)
MPRegen 0.08/turn                (no ring)

@: no status effects
A: high MP 1, forlorn, divine attributes
a: no special abilities


You were on level 1 of the Dungeon.
You visited 1 branch of the dungeon, and saw 1 of its levels.

You collected 10 gold pieces.

Inventory:

Hand Weapons
 a - a +0 flail (weapon)
Armour
 b - a +0 scale mail (worn)
 c - a +0 buckler (worn)
Scrolls
 e - a scroll of teleportation {unknown}
Potions
 d - a potion of might


   Skills:
 + Level 2.7 Fighting
 + Level 1.8 Maces & Flails
 + Level 2.7 Armour
 + Level 2.7 Shields


You couldn't memorise any spells.
You didn't know any spells.
Your spell library was empty.

Dungeon Overview and Level Annotations

Branches:
Dungeon (1/15)


Innate Abilities, Weirdness & Mutations

You have an increased reservoir of magic. (+10% MP)
You shall have no god before yourself.
Your divine heritage dramatically boosts your attributes as you level up.


Message History

The goblin closely misses you.
You closely miss the goblin. The goblin barely misses you.
The hobgoblin barely misses you. The goblin hits you but does no damage.
The hobgoblin closely misses you.
You closely miss the goblin. The goblin hits you with a +0 club.
The hobgoblin closely misses you.
You sock the goblin!
You kill the goblin!
You block the hobgoblin's attack.
The kobold throws a stone.
The stone hits you.
You closely miss the hobgoblin. You block the hobgoblin's attack.
The hobgoblin hits you but does no damage.
The kobold hits you with a +0 club.
You are too injured to fight recklessly!
You are too injured to fight recklessly!
You are too injured to fight recklessly!
You are too injured to fight recklessly!
You are too injured to fight recklessly!
You are too injured to fight recklessly!
You are too injured to fight recklessly!
You are too injured to fight recklessly!
You barely miss the kobold.
The hobgoblin hits you but does no damage.
The kobold hits you but does no damage. The hobgoblin attacks as you move away!
The hobgoblin hits you.
Things that are here:
a +0 club; a goblin corpse You closely miss the kobold.
The kobold hits you with a +0 club.
* * * LOW HITPOINT WARNING * * *
You closely miss the kobold. You block the kobold's attack. x2
A hobgoblin comes into view.
The hobgoblin shouts!
You hit the kobold but do no damage. The kobold barely misses you.
You hit the kobold but do no damage. The kobold hits you but does no damage.
You barely miss the kobold. The kobold hits you but does no damage.
The kobold hits you with a +0 club.
* * * LOW HITPOINT WARNING * * *
You hit the kobold but do no damage. You block the kobold's attack.
You closely miss the kobold. The kobold hits you with a +0 club.
You die...

#. #..#...#..#
...#..#...#..#
...#..##.##..#.
.#.#....#.#....#
.........#.......
#..........###..
#..#.......##..
##..##.........
##....@..[....
###gK###.##..
##.....# ..
#........
#........
#........
#.#.#....
..#.#.... ..###
...


You could see a hobgoblin and a kobold.

Vanquished Creatures
  A goblin (D:1)
  A quokka (D:1)
2 creatures vanquished.

Notes
Turn   | Place    | Note
-------+----------+-------------------------------------------
     0 | D:1      | cforsyth the Demigod Fighter began the quest for the Orb.
     0 | D:1      | Reached XP level 1. HP: 18/18 MP: 3/3
    32 | D:1      | Slain by a kobold

Illustrated notes

Levels and vault maps discovered:
D:1:      erik_arrival_blinker_ship, layout_rooms

Action                     || total
---------------------------++-------
  Melee: Flail             ||    19
 Armour: Scale mail        ||    15
  Dodge: Dodged            ||    11
  Block: Buckler           ||     7

Table legend: (Time is in decaauts)
 A = Elapsed time spent in this place.
 B = Non-inter-level travel time spent in this place.
 C = Inter-level travel time spent in this place.
 D = Time resting spent in this place.
 E = Time spent auto-exploring this place.
 F = Levels seen in this place.
 G = Mean time per level.
                   A        B        C        D        E       F      G
               +--------+--------+--------+--------+--------+-----+--------+
         Total |     38 |     38 |      0 |      0 |      5 |   1 |   38.0 |
       Dungeon |     38 |     38 |      0 |      0 |      5 |   1 |   38.0 |
               +--------+--------+--------+--------+--------+-----+--------+

Top non-repeatable levels by time:
     D:1: 38 daAuts
